 Dungeon Crawl Stone Soup version 0.25-a0-697-g890751e744 (webtiles) character file.

Game seed: 15538899705936006060, levelgen mode: deterministic

2263 Esekla the Slasher (level 9, 72/72 HPs)
             Began as a Formicid Abyssal Knight on Apr 1, 2020.
             Was a Priest of Lugonu.
             Got out of the dungeon alive.
             The game lasted 00:48:21 (7784 turns).

Esekla the Slasher (Formicid Abyssal Knight)        Turns: 7784, Time: 00:48:21

Health: 72/72      AC: 12    Str: 19    XL:     9   Next: 64%
Magic:  19/19      EV: 12    Int: 11    God:    Lugonu [***...]
Gold:   320        SH:  4    Dex: 12    Spells: 8/8 levels left

rFire    . . .     SeeInvis +   a - +1 falchion
rCold    . . .     Gourm    .   w - +0 buckler
rNeg     . . .     Faith    .   z - +0 steam dragon scales
rPois    .         Spirit   .   (helmet unavailable)
rElec    .         Reflect  .   f - +2 cloak
rCorr    .         Harm     .   (no gloves)
MR       .....                  e - +2 pair of boots
Stlth    ++........             (no amulet)
HPRegen  0.22/turn              v - ring of flight
MPRegen  0.16/turn              t - ring of magical power

@: no status effects
A: permanent stasis, dig shafts and tunnels, four strong arms, antennae 3
a: Dig, Shaft Self, Depart the Abyss, Bend Space, Banish, Renounce Religion,
Evoke Flight


You escaped.
You worshipped Lugonu.
Lugonu was most pleased with you.
You were not hungry.

You visited 1 branch of the dungeon, and saw 8 of its levels.
You visited the Abyss 1 time.

You collected 320 gold pieces.

Inventory:

Hand Weapons
 a - a +1 falchion (weapon)
 k - a +0 spear of freezing
 s - a +0 trident of flaming
 F - a +1 dagger
Missiles
 D - 27 poisoned darts (quivered)
Armour
 e - a +2 pair of boots (worn)
 f - a +2 cloak (worn)
 i - a +0 chain mail
 w - a +0 buckler (worn)
 z - +0 steam dragon scales (worn)
Jewellery
 d - an uncursed ring of resist corrosion
 t - a ring of magical power (right hand)
 v - a ring of flight (left hand)
Scrolls
 b - a scroll of noise {unknown}
 g - a scroll of enchant armour {unknown}
 h - 2 scrolls of amnesia
 l - a scroll of fog {unknown}
 m - 3 scrolls of remove curse
 n - 3 scrolls of immolation {unknown}
 q - a scroll of enchant weapon {unknown}
 u - 2 scrolls of fear {unknown}
 x - 3 scrolls of magic mapping {unknown}
 y - a scroll of identify
 B - a scroll of acquirement {unknown}
Potions
 o - 2 potions of curing
 p - a potion of stabbing
 r - 2 potions of flight
 A - a potion of might
 C - a potion of ambrosia
Comestibles
 c - 9 rations


   Skills:
 + Level 7.2 Fighting
 + Level 7.8 Long Blades
 + Level 2.4 Throwing
 + Level 6.1 Armour
 + Level 2.5 Dodging
 - Level 2.0 Stealth
 * Level 3.6 Shields
 + Level 2.3 Invocations


You had 8 spell levels left.
You didn't know any spells.
Your spell library contained the following spells:

 Spells                   Type           Power        Failure   Level  Hunger
 Beastly Appendage        Tmut           #.....       34%         1    ##.....
 Sticks to Snakes         Tmut           #.......     47%         2    ###....
 Spider Form              Tmut/Pois      #.........   71%         3    ####...
 Ice Form                 Ice/Tmut       #.......     98%         4    #####..
 Blade Hands              Tmut           #.........   100%        5    ######.


Dungeon Overview and Level Annotations

Branches:
Dungeon (8/15)             Temple (0/1) D:4
   Lair: D:8-11

Altars:
Gozag
Nemelex Xobeh
Yredelemnul

Annotations:
D:5 Dowan, Duvessa


Innate Abilities, Weirdness & Mutations

You cannot be hasted, slowed, berserked, paralysed or teleported.
You can dig through walls and to a lower floor.
Your four strong arms can wield two-handed weapons with a shield.
You have a pair of large antennae on your head. (SInv)


Message History

You start resting.
Eating a chunk of flesh.
You eat the chunk of flesh.
This raw flesh tastes terrible.
HP restored.
You climb upwards.
There is a stone staircase leading down here.
There is a stone staircase leading up here.
You climb upwards.
There is a stone staircase leading down here.
(D) Dungeon (T) Temple
Where to? (Enter - D:4, ? - help)
Things that are here:
a stone; a +0 whip
There is a stone staircase leading up here.
You climb upwards.
There is a stone staircase leading down here.
You see here a +0 club.
There is a staircase leading out of the dungeon here.
Are you sure you want to leave the Dungeon?
This will make you lose the game!
You have escaped!

.....................##.####.#
##
##........###............((#.#
##........# ###...#...#.##.))##
#.........#####.#.............#
#......................#.######
#.#.......#.#########..#.#
#.#.......#...^.......##.#
#.#.......#..............#
###.......#.....@......###
#.......#............#
#########............#
#.#########..# #............#
#####........# ##########


There were no monsters in sight!

Vanquished Creatures
  A steam dragon (D:8)
  Menkaure (D:4)
  An ice beast (D:6)
  A phantom (D:8)
  A sky beast (D:5)
  2 centaurs
  4 ogres
  A big kobold (D:8)
  A gnoll sergeant (D:7)
  2 bullfrogs
  A scorpion (D:5)
  4 wights (D:6)
  A howler monkey (D:6)
  A bullfrog zombie (D:3)
  4 hounds
  2 orc priests
  Crazy Yiuf (D:3)
  4 orc wizards
  2 bullfrog skeletons
  Jessica (D:2)
  2 iguanas
  A hound skeleton (D:5)
  9 gnolls
  4 adders
  An ufetubus (Abyss:2)
  2 oozes
  An adder skeleton (D:5)
  2 worms
  A dart slug (D:3)
  3 leopard geckos
  11 orcs
  3 giant cockroaches
  8 goblins
  3 hobgoblins
  15 jackals
  2 ball pythons
  5 bats
  6 frilled lizards
  14 kobolds
  A leopard gecko skeleton (D:5)
  A quokka skeleton (D:5)
  11 rats
142 creatures vanquished.

Vanquished Creatures (others)
  A shadow imp (D:7)
  A plant (D:4)
2 creatures vanquished.

Grand Total: 144 creatures vanquished

Notes
Turn   | Place    | Note
-------+----------+-------------------------------------------
     0 | Abyss:1  | Esekla the Formicid Abyssal Knight began the quest for the
                  | Orb.
     0 | Abyss:1  | Reached XP level 1. HP: 18/18 MP: 2/2
   196 | Abyss:2  | Noticed a large abomination
   208 | D:1      | Escaped the Abyss
   261 | D:1      | Reached XP level 2. HP: 14/25 MP: 3/3
   392 | D:1      | Reached * piety under Lugonu
   435 | D:1      | Reached XP level 3. HP: 17/30 MP: 4/4
   458 | D:1      | Reached skill level 1 in Stealth
   844 | D:2      | Found a sparkling altar of Nemelex Xobeh,
   912 | D:2      | Reached skill level 1 in Dodging
   983 | D:2      | Found an opulent altar of Gozag,
  1060 | D:2      | Reached XP level 4. HP: 37/38 MP: 5/5
  1338 | D:2      | Reached ** piety under Lugonu
  1519 | D:2      | Noticed Jessica
  1522 | D:2      | Killed Jessica
  1522 | D:2      | Reached XP level 5. HP: 36/43 MP: 6/6
  2657 | D:2      | Reached skill level 5 in Fighting
  2713 | D:3      | Reached XP level 6. HP: 51/51 MP: 7/7
  3347 | D:3      | Found a runed translucent door,
  3348 | D:3      | Noticed Crazy Yiuf
  3641 | D:4      | Found a staircase to the Ecumenical Temple,
  3873 | D:3      | Killed Crazy Yiuf
  4124 | D:5      | Entered Level 5 of the Dungeon
  4223 | D:5      | Reached *** piety under Lugonu
  4223 | D:5      | Reached XP level 7. HP: 56/56 MP: 8/8
  4434 | D:5      | Reached skill level 5 in Long Blades
  4674 | D:4      | You fall into a shaft and drop 3 floors!
  4956 | D:6      | Reached XP level 8. HP: 51/64 MP: 9/9
  5056 | D:7      | Found a basalt altar of Yredelemnul,
  5620 | D:7      | Reached skill level 5 in Armour
  5620 | D:7      | Reached skill level 1 in Shields
  6446 | D:6      | Reached XP level 9. HP: 61/71 MP: 10/10
  6898 | D:8      | Reached skill level 1 in Throwing
  6967 | D:8      | Noticed a hippogriff
  7314 | D:5      | Noticed Dowan
  7315 | D:5      | Noticed Duvessa
  7413 | D:4      | Noticed Menkaure
  7467 | D:4      | Killed Menkaure
  7784 | D:$      | Got out of the dungeon alive.

Levels and vault maps discovered:
D:1:      minmay_arrival_semitransparent, layout_rooms, hangedman_decor_riveting
D:2:      layout_basic, grunt_gozag_breadcrumbs, overflow_temple_1_default,
          uniq_jessica
D:3:      layout_loops_ring, minmay_between, uniq_crazy_yiuf_cottage
D:4:      wad_lake_hut, layout_basic, minmay_temple_entry_stoned_glass,
          uniq_menkaure
D:5:      layout_gridville, first_ration, uniq_duvessa
D:6:      layout_loops_cross, lemuel_doored_altar
D:7:      layout_rooms, lemuel_crystal_altar, nicolae_dithmenos_the_darkroom
D:8:      layout_loops_ring, kennysheep_little_box

Skill      XL: |  1  2  3  4  5  6  7  8  9 |
---------------+----------------------------+-----
Fighting       | 4 5 6 7 |  7.2
Stealth        | 1 2 |  2.0
Dodging        | 1 2 |  2.5
Long Blades    | 3 4 5 6 7 |  7.8
Armour         | 3 4 5 6 |  6.1
Shields        | 2 3 |  3.6
Throwing       | 2 |  2.4
Invocations    | |  2.3

Action                   |  1- 3 |  4- 6 |  7- 9 || total
-------------------------+-------+-------+-------++-------
Melee: Falchion          |   130 |   292 |   347 ||   769
       Dagger            |       |       |     1 ||     1
Throw: Dart              |       |       |    10 ||    10
Invok: Depart the Abyss  |     1 |       |       ||     1
       Bend Space        |       |     1 |     1 ||     2
  Use: Scroll            |       |     6 |     3 ||     9
       Potion            |       |       |     3 ||     3
 Stab: Sleeping          |     1 |       |     2 ||     3
  Eat: Chunk             |       |     8 |    12 ||    20
       Ration            |       |     1 |       ||     1
Armor: Leather armour    |    47 |       |       ||    47
       Chain mail        |    38 |   187 |   120 ||   345
       Skin              |       |       |     8 ||     8
       Steam dragon scal |       |       |    30 ||    30
Dodge: Dodged            |    68 |    98 |   130 ||   296
Block: Buckler           |       |     4 |    52 ||    56
       Rpst.: Falchion   |    24 |    29 |    41 ||    94

Table legend:
 A = Non-vault XP
 B = Vault XP
 C = Vault XP percentage of total XP
 D = Non-vault monster count
 E = Vault monster count
 F = Vault count percentage of total count
                 A         B        C        D         E       F
            +---------+---------+-------+---------+---------+-------
      Total |    2973 |     260 |   8.0 |     136 |       6 |   4.2
            +---------+---------+-------+---------+---------+-------
        D:1 |      39 |       0 |   0.0 |      22 |       0 |   0.0
        D:2 |      95 |      50 |  34.5 |      31 |       2 |   6.1
        D:3 |     212 |      45 |  17.5 |      31 |       3 |   8.8
        D:4 |      51 |     165 |  76.4 |       4 |       1 |  20.0
        D:5 |     694 |       0 |   0.0 |      12 |       0 |   0.0
        D:6 |     989 |       0 |   0.0 |      20 |       0 |   0.0
        D:7 |     360 |       0 |   0.0 |       7 |       0 |   0.0
        D:8 |     525 |       0 |   0.0 |       8 |       0 |   0.0
    Abyss:2 |       8 |       0 |   0.0 |       1 |       0 |   0.0
            +---------+---------+-------+---------+---------+-------
